 Dungeon Crawl Stone Soup version 0.28.0-53-g5a82cb258f (webtiles) character file.

Game seed: 9768620794794242031

14260 DearestLeader the Fighter (level 12, -2/112 HPs)
             Began as a Gnoll Wanderer on June 7, 2022.
             Was an Elder of Vehumet.
             Slain by an eight-headed hydra (4 damage)
             ... on level 2 of the Lair of Beasts.
             The game lasted 00:34:07 (15634 turns).

DearestLeader the Fighter (Gnoll Wanderer)         Turns: 15634, Time: 00:34:07

Health: -2/112     AC: 15    Str: 10    XL:     12   Next: 14%
Magic:  8/23       EV: 18    Int: 17    God:    Vehumet [****..]
Gold:   686        SH:  0    Dex: 13    Spells: 9/26 levels left

rFire   + . .      SeeInvis .   A - +4 hand axe (drain)
rCold   . . .      Faith    .   (no shield)
rNeg    . . .      Spirit   .   L - +0 acid dragon scales
rPois   +          Reflect  .   y - +2 helmet
rElec   .          Harm     .   t - +0 cloak
rCorr   +          Rampage  .   (no gloves)
Will    .....                   c - +1 pair of boots
Stlth   +.........              f - amulet of Vitality {Regen+ HP+15}
HPRegen 1.08/turn               g - ring of wizardry
MPRegen 0.18/turn               d - ring "Wiafug" {rPois rF+ EV+4}

@: confused, ambrosia-drunk, studying Evocations
A: fangs 1, strong nose, distributed training
a: Renounce Religion


You were on level 2 of the Lair of Beasts.
You worshipped Vehumet.
Vehumet was greatly pleased with you.
You visited 2 branches of the dungeon, and saw 11 of its levels.
You also visited: Bailey.

You collected 686 gold pieces.

Inventory:

Hand Weapons
 o - a +1 flail of holy wrath
 s - a +3 quarterstaff of chaos
 v - a +0 short sword of freezing
 x - a +0 hand crossbow
 A - a +4 hand axe of draining (weapon)
Missiles
 b - 21 poisoned darts (quivered)
 G - 2 curare-tipped darts
Armour
 c - a +1 pair of boots (worn)
 m - a +2 kite shield
 t - a +0 cloak (worn)
 y - a +2 helmet (worn)
 C - a +0 scale mail of fire resistance
 L - +0 acid dragon scales (worn)
 M - a +2 ring mail of fire resistance
Jewellery
 d - the ring "Wiafug" (right hand) {rPois rF+ EV+4}
   (You found it on level 4 of the Dungeon)

   [ring of evasion]

   EV:        It affects your evasion (+4).
   rF:        It protects you from fire.
   rPois:     It protects you from poison.
 f - the amulet of Vitality (around neck) {Regen+ HP+15}
   (You found it on level 1 of the Lair of Beasts)

   [amulet of regeneration]

   HP:        It affects your health (+15).
   Regen:     It increases your rate of health regeneration.
 g - a ring of wizardry (left hand)
 h - a ring of flight
 p - a ring of protection from cold
 q - a +6 ring of intelligence
Wands
 i - a wand of flame (58)
 B - a wand of polymorph (8)
 H - a wand of charming (7)
Scrolls
 l - 5 scrolls of teleportation
 u - a scroll of amnesia
 z - a scroll of vulnerability {unknown}
 D - a scroll of magic mapping
 F - a scroll of acquirement {unknown}
Potions
 a - a potion of mutation {unknown}
 e - 2 potions of heal wounds
 j - 3 potions of ambrosia
 k - 4 potions of brilliance
 n - 4 potions of curing
 r - 6 potions of attraction
 w - 2 potions of flight
 E - a potion of lignification {unknown}
 I - a potion of cancellation {unknown}
 J - a potion of might
 K - a potion of magic {unknown}
 N - a potion of haste


   Skills:
 + Level 9.7 Fighting
 + Level 7.0 Short Blades
 + Level 7.0 Long Blades
 + Level 7.0 Axes
 + Level 7.0 Maces & Flails
 + Level 7.0 Polearms
 + Level 7.0 Staves
 + Level 7.0 Slings
 + Level 7.0 Bows
 + Level 7.0 Crossbows
 + Level 7.5 Throwing
 + Level 8.4 Armour
 + Level 7.0 Dodging
 + Level 7.0 Stealth
 + Level 7.0 Shields
 + Level 7.0 Unarmed Combat
 + Level 7.6 Spellcasting
 + Level 5.8 Conjurations
 + Level 5.8 Hexes
 + Level 5.8 Summonings
 + Level 5.8 Necromancy
 + Level 5.8 Translocations
 + Level 5.8 Transmutations
 + Level 5.8 Fire Magic
 + Level 5.8 Ice Magic
 + Level 8.1 Air Magic
 + Level 5.8 Earth Magic
 + Level 5.8 Poison Magic
 + Level 7.7 Invocations
 + Level 9.4 Evocations


You had 9 spell levels left.
You knew the following spells:

 Your Spells              Type           Power      Damage    Failure   Level
a - Shock                 Conj/Air       100%       1d9       1%          1
b - Static Discharge      Conj/Air       30%        N/A       1%          2
c - Airstrike             Air            17%        N/A       1%          4
d - Teleport Other        Tloc           26%        N/A       1%          3
e - Mephitic Cloud        Conj/Pois/Air  28%        N/A       1%          3
f - Blink                 Tloc           52%        N/A       1%          2
g - Scorch                Fire           52%        2d8       1%          2

Your spell library contained the following spells:

 Spells                   Type           Power      Damage    Failure   Level
 Conjure Flame            Conj/Fire      26%        6-21      1%          3
 Magic Dart               Conj           100%       1d8       1%          1
 Call Imp                 Summ           26%        N/A       1%          2
 Gell's Gravitas          Tloc           26%        N/A       1%          3
 Ozocubu's Armour         Ice            26%        N/A       1%          3
 Hailstorm                Conj/Ice       26%        3d7       1%          4
 Ice Form                 Ice/Tmut       26%        N/A       6%          4
 Passage of Golubria      Tloc           26%        N/A       6%          4
 Petrify                  Tmut/Erth      26%        N/A       6%          4
 Metabolic Englaciation   Hex/Ice        13%        N/A       16%         5
 Dispersal                Tloc           13%        N/A       63%         6
 Simulacrum               Ice/Necr       13%        N/A       63%         6
 Statue Form              Tmut/Erth      17%        N/A       63%         6


Dungeon Overview and Level Annotations

Branches:
Dungeon (9/15)             Temple (0/1) D:7            Lair (2/6) D:9
    Orc (0/2) D:9          Bailey (visited)
  Swamp: Lair:2-4    Shoals: Lair:2-4     Snake: Lair:2-4    Spider: Lair:2-4

Altars:
Ashenzari
Dithmenos
Fedhas
Kikubaaqudgha
Ru
Sif Muna
Trog
Vehumet


Innate Abilities, Weirdness & Mutations

You have very sharp teeth.
Your uncanny sense of smell can sniff out nearby items.
Your experience applies equally to all skills.


Message History

The zap hits the eight-headed hydra.
The eight-headed hydra is almost dead.
The eight-headed hydra bites you but does no damage.
The eight-headed hydra bites you!
* * * LOW HITPOINT WARNING * * *
The eight-headed hydra bites you!
* * * LOW HITPOINT WARNING * * *
The eight-headed hydra closely misses you.
The eight-headed hydra bites you.
* * * LOW HITPOINT WARNING * * *
The eight-headed hydra barely misses you. x2
The eight-headed hydra bites you!
* * * LOW HITPOINT WARNING * * *
Unknown command.
Okay, then.
You feel much better.
The eight-headed hydra bites you but does no damage.
The eight-headed hydra barely misses you.
The eight-headed hydra bites you.
* * * LOW HITPOINT WARNING * * *
The eight-headed hydra bites you.
* * * LOW HITPOINT WARNING * * *
The eight-headed hydra closely misses you. x2
The eight-headed hydra bites you but does no damage.
The eight-headed hydra bites you.
* * * LOW HITPOINT WARNING * * *
You are confused.
You feel invigorated. The eight-headed hydra misses you.
The eight-headed hydra bites you but does no damage. x2
The eight-headed hydra bites you!
* * * LOW HITPOINT WARNING * * *
The eight-headed hydra bites you but does no damage.
The eight-headed hydra closely misses you.
The eight-headed hydra bites you.
* * * LOW HITPOINT WARNING * * *
The eight-headed hydra bites you but does no damage.
You bump into the rock wall.
The eight-headed hydra bites you!
* * * LOW HITPOINT WARNING * * *
The eight-headed hydra bites you.
You die...

#8.<# ... .....# #...#
...# #.... ##...# #...#
#.8.###...##
.##...##...##...†## ∆
..#............##.##
...##.........##...#
....#.........#..P##
#....##.@....#...##.
#......#D8.#.......(....
#........#+#......##...#
..................# ..
#............(....#
..................#
P...................
#................##.
#..............###


You could see an eight-headed hydra (drained).

Vanquished Creatures
  A hydra (Lair:1)
  A two-headed ogre (D:9)
  An orc knight (Bailey)
  A gargoyle (D:7)
  2 cane toads (Lair:1)
  A polar bear (Lair:1)
  A hornet (D:9)
  4 blink frogs (Lair:1)
  Sigmund (D:6)
  A spriggan (D:9)
  17 yaks
  2 wyverns
  3 vampire mosquitoes (D:8)
  Menkaure (D:5)
  A basilisk (Lair:2)
  An acid dragon (D:9)
  Duvessa (D:6)
  2 water moccasins
  An ice beast (D:5)
  2 black bears
  27 orc warriors
  A sky beast (D:5)
  2 necrophages (D:5)
  4 centaurs
  2 ogres (D:5)
  2 phantoms (D:6)
  12 bullfrogs
  2 kobold brigands (D:7)
  Blork the orc (D:5)
  4 scorpions
  A water moccasin zombie (D:7)
  A wyvern skeleton (D:6)
  Dowan (D:6)
  4 killer bees (D:9)
  2 electric eels (D:6)
  A bullfrog zombie (D:5)
  2 hounds
  3 jellies
  Crazy Yiuf (D:3)
  A bullfrog skeleton (D:6)
  5 orc priests
  2 centaur skeletons
  5 iguanas
  Ijyb (D:5)
  13 orc wizards
  2 killer bee zombies
  Robin (D:2)
  3 howler monkey zombies
  7 adders
  A white imp (D:8)
  3 ufetubi
  An adder skeleton (D:5)
  A worm (D:3)
  2 dart slugs
  40 orcs
  3 endoplasms
  A giant cockroach (D:2)
  20 goblins
  14 hobgoblins
  6 jackals
  5 quokkas
  7 ball pythons
  2 bats
  15 frilled lizards
  14 kobolds
  A quokka skeleton (D:4)
  A rat (D:2)
295 creatures vanquished.

Vanquished Creatures (others)
  16 fungi
  37 plants
53 creatures vanquished.

Grand Total: 348 creatures vanquished

Notes
Turn   | Place    | Note
-------+----------+-------------------------------------------
     0 | D:1      | DearestLeader the Gnoll Wanderer began the quest for the
                  | Orb.
     0 | D:1      | DearestLeader set off with the following items: a +0
                  | dagger, 11 poisoned darts, a potion of curing, a +0 robe;
                  | and the following spell memorised: Shock; and the following
                  | spells available to memorise: Static Discharge, Airstrike
     0 | D:1      | Reached XP level 1. HP: 23/23 MP: 4/4
   362 | D:1      | Reached XP level 2. HP: 29/29 MP: 1/5
   890 | D:1      | Reached XP level 3. HP: 31/35 MP: 1/7
  1221 | D:1      | Found a faded altar of an unknown god.
  1409 | D:2      | Reached skill level 1 in Invocations
  1594 | D:2      | Reached skill level 1 in Short Blades
  1594 | D:2      | Reached skill level 1 in Long Blades
  1594 | D:2      | Reached skill level 1 in Axes
  1594 | D:2      | Reached skill level 1 in Maces & Flails
  1594 | D:2      | Reached skill level 1 in Polearms
  1594 | D:2      | Reached skill level 1 in Staves
  1594 | D:2      | Reached skill level 1 in Slings
  1594 | D:2      | Reached skill level 1 in Bows
  1594 | D:2      | Reached skill level 1 in Crossbows
  1594 | D:2      | Reached skill level 1 in Dodging
  1594 | D:2      | Reached skill level 1 in Stealth
  1594 | D:2      | Reached skill level 1 in Shields
  1594 | D:2      | Reached skill level 1 in Unarmed Combat
  1594 | D:2      | Reached skill level 1 in Evocations
  1823 | D:2      | Learned a level 2 spell: Static Discharge
  1991 | D:2      | Reached XP level 4. HP: 41/41 MP: 3/8
  2511 | D:3      | Noticed Robin
  2704 | D:3      | Reached skill level 1 in Conjurations
  2704 | D:3      | Reached skill level 1 in Hexes
  2704 | D:3      | Reached skill level 1 in Summonings
  2704 | D:3      | Reached skill level 1 in Necromancy
  2704 | D:3      | Reached skill level 1 in Translocations
  2704 | D:3      | Reached skill level 1 in Transmutations
  2704 | D:3      | Reached skill level 1 in Fire Magic
  2704 | D:3      | Reached skill level 1 in Ice Magic
  2704 | D:3      | Reached skill level 1 in Earth Magic
  2704 | D:3      | Reached skill level 1 in Poison Magic
  2809 | D:2      | Killed Robin
  3036 | D:3      | Reached XP level 5. HP: 47/47 MP: 4/9
  3436 | D:3      | Found a runed translucent door.
  3437 | D:3      | Noticed Crazy Yiuf
  3706 | D:3      | Killed Crazy Yiuf
  3948 | D:4      | Reached XP level 6. HP: 51/53 MP: 9/11
  4038 | D:4      | Learned a level 4 spell: Airstrike
  4071 | D:4      | Identified the ring "Wiafug" {rPois rF+ EV+4}
  4285 | D:4      | Reached skill level 5 in Armour
  4423 | D:5      | Entered Level 5 of the Dungeon
  4476 | D:5      | Noticed Menkaure
  4482 | D:5      | Killed Menkaure
  4483 | D:5      | Reached XP level 7. HP: 30/59 MP: 2/12
  5199 | D:5      | Reached XP level 8. HP: 63/67 MP: 14/14
  5234 | D:5      | Noticed Ijyb
  5238 | D:5      | Killed Ijyb
  5340 | D:5      | Found a sacrificial altar of Ru.
  5348 | D:5      | Found a radiant altar of Vehumet.
  5351 | D:5      | Became a worshipper of Vehumet
  5416 | D:5      | Noticed a wyvern
  5427 | D:4      | Killed a wyvern
  5835 | D:5      | Noticed Blork the orc
  5848 | D:5      | Killed Blork the orc
  6021 | D:5      | Learned a level 3 spell: Teleport Other
  6360 | D:6      | Noticed Dowan
  6361 | D:6      | Noticed Duvessa
  6367 | D:6      | Killed Dowan
  6375 | D:6      | Killed Duvessa
  6376 | D:6      | Reached XP level 9. HP: 7/72 MP: 1/16
  6812 | D:6      | Noticed Sigmund
  6825 | D:6      | Killed Sigmund
  7037 | D:6      | Got the Tome of the Traveller
  7083 | D:6      | Reached skill level 5 in Spellcasting
  7730 | D:6      | Reached skill level 5 in Throwing
  7730 | D:6      | Reached skill level 5 in Evocations
  8288 | D:7      | Learned a level 3 spell: Mephitic Cloud
  8571 | D:7      | Found a staircase to the Ecumenical Temple.
  8580 | D:7      | Reached * piety under Vehumet
  8580 | D:7      | Offered knowledge of Foxfire by Vehumet.
  8639 | D:7      | Reached skill level 5 in Invocations
  8686 | D:7      | Noticed a gargoyle
  9122 | D:8      | Noticed a two-headed ogre
  9252 | D:7      | Reached XP level 10. HP: 66/80 MP: 18/18
  9303 | D:8      | Found a flagged portal.
  9311 | Bailey   | Entered a bailey
  9612 | Bailey   | Reached skill level 5 in Short Blades
  9612 | Bailey   | Reached skill level 5 in Long Blades
  9612 | Bailey   | Reached skill level 5 in Axes
  9612 | Bailey   | Reached skill level 5 in Maces & Flails
  9612 | Bailey   | Reached skill level 5 in Polearms
  9612 | Bailey   | Reached skill level 5 in Staves
  9612 | Bailey   | Reached skill level 5 in Slings
  9612 | Bailey   | Reached skill level 5 in Bows
  9612 | Bailey   | Reached skill level 5 in Crossbows
  9612 | Bailey   | Reached skill level 5 in Dodging
  9612 | Bailey   | Reached skill level 5 in Stealth
  9612 | Bailey   | Reached skill level 5 in Shields
  9612 | Bailey   | Reached skill level 5 in Unarmed Combat
  9660 | Bailey   | Noticed an orc knight
  9683 | Bailey   | Killed an orc knight
 10710 | D:8      | Found a broken altar of Ashenzari.
 10853 | D:8      | Reached ** piety under Vehumet
 10871 | D:8      | Offered knowledge of Freeze by Vehumet.
 10941 | D:8      | Learned a level 2 spell: Blink
 11454 | D:7      | Killed a gargoyle
 12386 | D:9      | Reached XP level 11. HP: 41/87 MP: 2/20
 12701 | D:9      | Reached skill level 5 in Conjurations
 12701 | D:9      | Reached skill level 5 in Hexes
 12701 | D:9      | Reached skill level 5 in Summonings
 12701 | D:9      | Reached skill level 5 in Necromancy
 12701 | D:9      | Reached skill level 5 in Translocations
 12701 | D:9      | Reached skill level 5 in Transmutations
 12701 | D:9      | Reached skill level 5 in Fire Magic
 12701 | D:9      | Reached skill level 5 in Ice Magic
 12701 | D:9      | Reached skill level 5 in Earth Magic
 12701 | D:9      | Reached skill level 5 in Poison Magic
 12728 | D:9      | Offered knowledge of Scorch by Vehumet.
 13025 | D:9      | Reached *** piety under Vehumet
 13270 | D:9      | Learned a level 2 spell: Scorch
 13414 | D:9      | Found a shadowy altar of Dithmenos.
 13415 | D:9      | Found a blossoming altar of Fedhas.
 13428 | D:9      | Found an ancient bone altar of Kikubaaqudgha.
 13429 | D:9      | Found a shimmering blue altar of Sif Muna.
 13509 | D:9      | Found a staircase to the Orcish Mines.
 13660 | D:9      | Found a staircase to the Lair.
 13663 | D:9      | Noticed a two-headed ogre
 13677 | D:9      | Killed a two-headed ogre
 13925 | D:9      | Offered knowledge of Conjure Flame by Vehumet.
 13948 | D:9      | Found a bloodstained altar of Trog.
 14052 | Lair:1   | Entered Level 1 of the Lair of Beasts
 14082 | Lair:1   | Noticed a five-headed hydra
 14097 | Lair:1   | Killed a five-headed hydra
 15088 | Lair:1   | Reached XP level 12. HP: 96/96 MP: 23/23
 15404 | Lair:1   | Found the amulet of Vitality {Regen+ HP+15}
 15410 | Lair:1   | Reached **** piety under Vehumet
 15606 | Lair:2   | Noticed a six-headed hydra
 15631 | Lair:2   | HP: 3/112 [eight-headed hydra (8)]
 15634 | Lair:2   | Slain by an eight-headed hydra

Illustrated notes

Levels and vault maps discovered:
D:1:      dpeg_arrival_tiny_d, layout_loops_corners,
          hellmonk_ecumenical_altar_zigzags, minmay_lizard_king
D:2:      layout_rooms
D:3:      layout_rooms, chequers_arboretum, grunt_ministairs_13,
          uniq_crazy_yiuf_cottage, uniq_robin
D:4:      layout_cave_pools, minivault_1, kennysheep_generic_room_11
D:5:      kennysheep_six_static_rooms, layout_rooms, nicolae_overflow_squiral,
          minmay_manual_moon, uniq_menkaure, uniq_blork_the_orc, uniq_ijyb
D:6:      layout_loops_corners, serial_bayou, serial_bayou_pond_e,
          serial_bayou_shore_b, serial_bayou_lake_a, serial_bayou_pond_e,
          serial_bayou_pond_d, uniq_sigmund, uniq_duvessa
D:7:      layout_basic, minmay_temple_entry_sparse_star, interstate_on_off,
          dk_noncrumbling_4, minmay_misc_feat_rows
D:8:      layout_basic, mainiacjoe_overflow_catwalk, enter_bailey_3,
          kennysheep_generic_room_10
D:9:      layout_basic, trog_butcher_becter, minitemple,
          grunt_lair_entry_orc_guard_hut, david_orc_4, the_hattery
Lair:1:   layout_regular_city, beast_lair_carwin_7
Lair:2:   layout_gridlike, chequers_serial_rivers_micro_b, grunt_megastairs_5

Skill      XL: |  1  2  3  4  5  6  7  8  9 10 11 12 |
---------------+-------------------------------------+-----
Invocations    | 1 2 3 4 5 6 7 |  7.7
Short Blades   | 1 2 3 4 5 6 7 |  7.0
Long Blades    | 1 2 3 4 5 6 7 |  7.0
Axes           | 1 2 3 4 5 6 7 |  7.0
Maces & Flails | 1 2 3 4 5 6 7 |  7.0
Polearms       | 1 2 3 4 5 6 7 |  7.0
Staves         | 1 2 3 4 5 6 7 |  7.0
Slings         | 1 2 3 4 5 6 7 |  7.0
Bows           | 1 2 3 4 5 6 7 |  7.0
Crossbows      | 1 2 3 4 5 6 7 |  7.0
Dodging        | 1 2 3 4 5 6 7 |  7.0
Stealth        | 1 2 3 4 5 6 7 |  7.0
Shields        | 1 2 3 4 5 6 7 |  7.0
Unarmed Combat | 1 2 3 4 5 6 7 |  7.0
Evocations     | 1 2 4 6 7 9 |  9.4
Spellcasting   | 3 4 5 6 7 |  7.6
Conjurations   | 1 2 3 4 5 |  5.8
Hexes          | 1 2 3 4 5 |  5.8
Summonings     | 1 2 3 4 5 |  5.8
Necromancy     | 1 2 3 4 5 |  5.8
Translocations | 1 2 3 4 5 |  5.8
Transmutations | 1 2 3 4 5 |  5.8
Fire Magic     | 1 2 3 4 5 |  5.8
Ice Magic      | 1 2 3 4 5 |  5.8
Earth Magic    | 1 2 3 4 5 |  5.8
Poison Magic   | 1 2 3 4 5 |  5.8
Throwing       | 3 4 5 6 7 |  7.5
Armour         | 5 6 7 8 |  8.4
Fighting       | 7 8 9 |  9.7
Air Magic      | 6 7 8 |  8.1

Action                   |  1- 3 |  4- 6 |  7- 9 | 10-12 || total
-------------------------+-------+-------+-------+-------++-------
Melee: Dagger            |    49 |    92 |       |       ||   141
       Bite              |     6 |    11 |    29 |    69 ||   115
       Punch             |       |     1 |     4 |    16 ||    21
       Quarterstaff      |       |    39 |    14 |       ||    53
       Hand axe          |       |       |   220 |   484 ||   704
Throw: Dart              |     6 |     2 |    23 |     9 ||    40
 Cast: Shock             |    62 |    26 |    25 |    13 ||   126
       Static Discharge  |     2 |    22 |    26 |    29 ||    79
       Airstrike         |       |     1 |    11 |    23 ||    35
       Teleport Other    |       |       |     2 |       ||     2
       Mephitic Cloud    |       |       |     1 |    41 ||    42
       Scorch            |       |       |       |    14 ||    14
       Blink             |       |       |       |     1 ||     1
Evoke: Wand              |       |       |       |     1 ||     1
  Use: Potion            |     2 |       |     1 |     2 ||     5
       Scroll            |       |     4 |     6 |     4 ||    14
 Stab: Sleeping          |       |     1 |     2 |     3 ||     6
       Confused          |       |       |       |    27 ||    27
Armor: Robe              |     3 |       |       |       ||     3
       Leather armour    |     5 |    77 |   114 |    89 ||   285
       Acid dragon scale |       |       |       |   113 ||   113
Dodge: Dodged            |    32 |   108 |   217 |   511 ||   868
